 Dungeon Crawl Stone Soup version 0.31-a0-66-ge618eeaa78 (webtiles) character file.

Game seed: 10759069550559820571

22217 ytrimaz the Basher (level 12, -2/135 HPs)
             Began as an Ogre Gladiator on May 22, 2023.
             Was a Priest of Okawaru.
             Killed from afar by an acid dragon (14 damage)
             ... with a splash of acid
             ... on level 11 of the Dungeon.
             The game lasted 00:19:38 (15263 turns).

ytrimaz the Basher (Ogre Gladiator)                Turns: 15263, Time: 00:19:39

Health: -2/135     AC:  7    Str: 25    XL:     12   Next: 98%
Magic:  12/12      EV: 10    Int:  9    God:    Okawaru [***...]
Gold:   512        SH:  0    Dex: 10    Spells: 11/11 levels left

rFire   + . .        b - +2 flail (protect)
rCold   . . .        (no shield)
rNeg    + . .        d - +3 robe of Clouds {*Thunder rCloud rElec}
rPois   .            c - +0 hat
rElec   +            (no cloak)
rCorr   .            (gloves unavailable)
SInv    .            (boots unavailable)
Will    +....        (no amulet)
Stlth   +            i - ring of protection from fire
HPRegen 0.42/turn    p - ring of positive energy
MPRegen 0.13/turn

%: no passive effects
@: hasted, very quick
A: large, unfitting armour, tough skin 1, robust 1, shaggy fur 1
a: Renounce Religion, Heroism


You were on level 11 of the Dungeon.
You worshipped Okawaru.
Okawaru was most pleased with you.
You visited 2 branches of the dungeon, and saw 12 of its levels.
You also visited: Bailey.

You collected 660 gold pieces.
You spent 148 gold pieces at shops.


Innate Abilities, Weirdness & Mutations

You are too large for most types of armour.
You have tough skin. (AC +1)
You are robust. (+10% HP)
You are covered in fur. (AC +1)


   Skills:
 - Level 9.0 Fighting
 * Level 13.7 Maces & Flails
 + Level 9.6 Throwing
 + Level 7.8 Armour
 - Level 3.2 Dodging


You had 11 spell levels left.
You didn't know any spells.
Your spell library contained the following spells:

 Spells                   Type           Power      Damage    Failure   Level
 Freeze                   Ice            0%         1d3       38%         1
 Poisonous Vapours        Pois/Air       0%         N/A       52%         2
 Static Discharge         Conj/Air       0%         2-2/arc   52%         2
 Sublimation of Blood     Necr           0%         N/A       52%         2
 Wereblood                Tmut           0%         N/A       52%         2
 Frozen Ramparts          Ice            0%         1d1       77%         3
 Hailstorm                Conj/Ice       0%         3d3       77%         3
 Mephitic Cloud           Conj/Pois/Air  0%         N/A       77%         3
 Airstrike                Air            0%         2d(0-16)  99%         4
 Freezing Cloud           Conj/Ice/Air   0%         6-21      100%        5
 Summon Lightning Spire   Summ/Air       Unusable   N/A       N/A         4
 Summon Hydra             Summ           Unusable   N/A       N/A         7

Inventory:

Hand Weapons
 a - a +1 flail
 b - a +2 flail of protection (weapon)
   (You took it off an orc on level 6 of the Dungeon)
Missiles
 l - 4 boomerangs
 n - 36 poisoned darts
 t - 3 curare-tipped darts
 u - a large rock (quivered)
Armour
 c - a +0 hat (worn)
 d - the +3 robe of Clouds (worn) {*Thunder rCloud rElec}
   (You took it off an orc warrior in a bailey)

   *Thunder:  It occasionally creates storm clouds above nearby enemies.
   rCloud:    It grants its wearer immunity to clouds.
   rElec:     It insulates you from electricity.
 e - +0 acid dragon scales
   (You took it off Maggie on level 6 of the Dungeon)
Jewellery
 i - a ring of protection from fire (left hand)
   (You found it on level 3 of the Dungeon)
 p - a ring of positive energy (right hand)
   (You found it on level 4 of the Dungeon)
 E - a ring of willpower
   (You found it on level 9 of the Dungeon)
Wands
 f - a wand of charming (6)
   (You took it off a gnoll on level 5 of the Dungeon)
 g - a wand of flame (33)
   (You found it on level 2 of the Dungeon)
 h - a wand of mindburst (5)
   (You found it on level 11 of the Dungeon)
 x - a wand of digging (6)
   (You found it on level 7 of the Dungeon)
Scrolls
 j - 5 scrolls of fog
 k - a scroll of magic mapping
 o - 4 scrolls of teleportation
 w - a scroll of vulnerability
 y - 3 scrolls of silence
 A - 2 scrolls of noise
 B - a scroll of blinking
 D - 2 scrolls of enchant armour
 F - a scroll of torment
 G - a scroll of acquirement
Potions
 m - 3 potions of cancellation
 q - a potion of attraction
 r - a potion of magic
 s - 5 potions of enlightenment
 v - 2 potions of curing
 C - a potion of haste
 H - a potion of lignification

Dungeon Overview and Level Annotations

Branches:
Dungeon (11/15) Zot: 26207  Temple (1/1) D:4 Zot: 5964    Lair (0/5) D:11
    Orc (0/2) D:10         Bailey (visited)

Altars:
Ashenzari
Cheibriados
Dithmenos
Elyvilon
Fedhas
Gozag
Hepliaklqana
Kikubaaqudgha
Makhleb
Nemelex Xobeh
Okawaru
Qazlal
Ru
Sif Muna
Trog
Uskayaw
Vehumet
Wu Jian
Xom
Yredelemnul
Zin
The Shining One

Shops:
D:7 *

Annotations:
D:6 exclusion: door

#### #... #... #... #... ##
###########################...
.###............@[...............
.....##############..D.######....
...######## ###...o.#####.....
##........######.....##.cT...####
###.........##...#####.######
###...##......#####..#
###...............##
###.......>...###
###.....##...####


You could see an acid dragon (catching breath) and an orc wizard.


Message History

Okawaru is honoured by your kill. The gnoll sergeant closely misses you.
An acid dragon comes into view.
You see here a +0 shortbow.
Unknown command.
An orc knight and a yaktaur come into view.
The orc knight shouts!
The acid dragon roars!
The yaktaur shouts!
You hear a shout!
The orc knight roars a battlecry!
The orc wizard goes into a battle-frenzy!
The gnoll sergeant hits you but does no damage.
There is an open door, spattered with blood here.
Things that are here:
a +0 shortbow; a centaur corpse; 😨 HP[+1]
You closely miss the gnoll sergeant. You closely miss the gnoll sergeant.
The gnoll sergeant hits you with a +0 spear!
* * * LOW HITPOINT WARNING * * *
Unknown command. 😨 HP[-9]
You take 9 damage, and now have 56/135 hp.
Unknown command.
The gnoll sergeant attacks as you move away!
The gnoll sergeant hits you with a +0 spear.
* * * LOW HITPOINT WARNING * * *
😨 HP[-1]
You take 1 damage, and now have 55/135 hp.
You bludgeon the gnoll sergeant!!
Your weapon exudes an aura of protection.
The gnoll sergeant hits you but does no damage.
You closely miss the gnoll sergeant. You barely miss the gnoll sergeant.
Your punch misses the gnoll sergeant.
Storm clouds gather above the gnoll sergeant.
The gnoll sergeant is engulfed in a thunderstorm.
You kill the gnoll sergeant!
Okawaru accepts your kill. 😨 HP[+1] Unknown command.
Okay, then. 😨 HP[+1] 😨 HP[+1] 😨 HP[+1]
A troll comes into view.
The troll shouts! 😨 HP[+1]
The troll bites you.
* * * LOW HITPOINT WARNING * * *
The troll claws you.
* * * LOW HITPOINT WARNING * * *
The troll barely misses you. 😨 HP[-9]
You take 9 damage, and now have 51/135 hp.
Unknown command. 😨 HP[+1] Unknown command.
Throw: 2 large rocks
Press: ? - help, Q - select action, (/) - cycle Shift-Dir - straight line, f - troll
Aim: a troll (65% to hit)
You throw a large rock. The large rock hits the troll!
The troll bites you!
* * * LOW HITPOINT WARNING * * *
The troll claws you!
* * * LOW HITPOINT WARNING * * *
The troll claws you.
* * * LOW HITPOINT WARNING * * *
The troll closely misses you. The troll claws you.
* * * LOW HITPOINT WARNING * * *
The troll claws you.
* * * LOW HITPOINT WARNING * * *
😱 HP[-32]
You take 32 damage, and now have 20/135 hp.
MASSIVE DAMAGE!! (PAUSE) Unknown command.
You feel yourself speed up.
The orc wizard no longer looks unusually strong.
The troll bites you.
* * * LOW HITPOINT WARNING * * *
The troll claws you.
* * * LOW HITPOINT WARNING * * *
The troll claws you.
* * * LOW HITPOINT WARNING * * *
😱 HP[-8]
You take 8 damage, and now have 12/135 hp.
Unknown command. 😱 HP[+1] 😱 HP[+1] 😱 HP[+1] 😱 HP[+1] 😱 HP[+1]
The orc wizard casts a spell at you. The magic dart hits you!
* * * LOW HITPOINT WARNING * * *
😱 HP[-6]
You take 6 damage, and now have 11/135 hp.
The orc wizard points at you and mumbles some strange words.
The magic dart hits you but does no damage.
You see here a +0 scale mail.
The acid dragon spits acid at you. The splash of acid hits you!
You die...

Skill      XL: |  1  2  3  4  5  6  7  8  9 10 11 |
---------------+----------------------------------+-----
Fighting       | 3 4 9 |  9.0
Maces & Flails | 3 4 5 6 7 9 10 13 | 13.7
Dodging        | 3 |  3.2
Armour         | 1 2 3 4 5 6 7 |  7.8
Throwing       | 3 4 5 6 8 9 |  9.6

Action                     |  1- 3 |  4- 6 |  7- 9 | 10-12 || total
---------------------------+-------+-------+-------+-------++-------
  Melee: Flail             |   140 |   152 |   195 |   603 ||  1090
         Punch             |       |     3 |     2 |     5 ||    10
  Throw: Throwing net      |       |     4 |     1 |     2 ||     7
         Large rock        |       |     1 |     3 |     7 ||    11
         Dart              |       |     5 |    40 |    51 ||    96
         Boomerang         |       |     1 |    57 |    30 ||    88
  Evoke: Wand              |       |     8 |     3 |     6 ||    17
    Use: Scroll            |       |     7 |     7 |     8 ||    22
         Potion            |       |     5 |     4 |     5 ||    14
   Stab: Sleeping          |     1 |       |       |       ||     1
         Held in net/web   |       |       |       |     2 ||     2
 Armour: Robe              |    42 |    85 |    24 |   105 ||   256
         Skin              |       |       |    14 |       ||    14
         Acid dragon scale |       |       |   116 |   167 ||   283
  Dodge: Dodged            |    94 |    89 |    85 |   264 ||   532

Levels and vault maps discovered:
D:1:      dpeg_arrival_prison, layout_loops_ring
D:2:      layout_loops_corners, basic_altar
D:3:      layout_basic
D:4:      layout_gridville, temple_hall, kennysheep_generic_room_4
D:5:      layout_cave_pools, uniq_pikel, uniq_sigmund
D:6:      layout_loops_ring, minmay_misc_feat_nine_boxes, minmay_three_doors,
          uniq_eustachio, uniq_maggie
D:7:      layout_basic, nicolae_specific_store, minivault_1, uniq_joseph
D:8:      layout_layer_cave
D:9:      layout_basic, minmay_nine_imps
D:10:     layout_cave_pods, nicolae_overflow_hidden_temple,
          trog_ov_bears_minmay, nicolae_qazlal_scattered_showers,
          zombieorc1_lemuel, enter_bailey_6, serial_bayou_ford_a
D:11:     minmay_the_grid_triangle_9x9_rhombus_thin_mashed
          [minmay_the_grid_triangle_9x9_subtriangle,
          minmay_the_grid_triangle_9x9_prize_insulated,
          minmay_the_grid_triangle_9x9_odd_lines,
          minmay_the_grid_triangle_9x9_dagger], layout_rooms, lair_entry_dummy,
          uniq_erica
Temple:   hellmonk_temple_divided_pantheon

Notes
Turn   | Place    | Note
-------+----------+-------------------------------------------
     0 | D:1      | ytrimaz the Ogre Gladiator began the quest for the Orb.
     0 | D:1      | Reached XP level 1. HP: 22/22 MP: 1/1
     0 | D:1      | magus.rc [v1.9.6]
    44 | D:1      | Reached skill level 3 in Fighting
   121 | D:1      | Reached XP level 2. HP: 31/31 MP: 2/2
   315 | D:1      | Reached skill level 3 in Maces & Flails
   315 | D:1      | Reached skill level 3 in Dodging
   773 | D:1      | You pick up a book of Blood and begin reading...
   773 | D:1      | You add the spells Sublimation of Blood, Wereblood and
                  | Summon Hydra to your library.
   914 | D:1      | You pick up a book of Vapours and begin reading...
   914 | D:1      | You add the spells Poisonous Vapours, Mephitic Cloud and
                  | Freezing Cloud to your library.
   998 | D:2      | Reached XP level 3. HP: 30/37 MP: 3/3
  1241 | D:2      | Found a glowing silver altar of Zin.
  1565 | D:2      | Reached XP level 4. HP: 46/46 MP: 4/4
  1753 | D:2      | HP: 12/48 [adder (1)]
  1756 | D:2      | Gained mutation: You are robust. (+10% HP) [potion of
                  | mutation]
  1756 | D:2      | Gained mutation: You are covered in fur. (AC +1) [potion of
                  | mutation]
  1756 | D:2      | HP: 5/52 [poisoned by an adder]
  1757 | D:2      | HP: 2/52 [poisoned by an adder]
  2592 | D:3      | Reached skill level 4 in Fighting
  3339 | D:4      | Noticed a phantom
  3352 | D:4      | Killed a phantom
  3353 | D:4      | Reached skill level 4 in Maces & Flails
  3353 | D:4      | Reached skill level 1 in Armour
  3353 | D:4      | Reached XP level 5. HP: 31/59 MP: 5/5
  3567 | D:4      | HP: 14/59 [orc/+0 dagger (1)]
  3570 | D:4      | HP: 4/59 [something (3)]
  3586 | D:4      | Reached XP level 6. HP: 29/68 MP: 6/6
  3785 | D:4      | Noticed a water moccasin
  3796 | D:4      | Killed a water moccasin
  3797 | D:4      | Reached skill level 3 in Throwing
  3797 | D:4      | Reached skill level 2 in Armour
  4039 | D:4      | Reached skill level 5 in Maces & Flails
  4196 | D:4      | Reached XP level 7. HP: 50/77 MP: 7/7
  4629 | D:4      | Found a staircase to the Ecumenical Temple.
  4643 | Temple   | Entered the Ecumenical Temple
  4643 | Temple   | Found a transporter.
  4643 | Temple   | Found a transporter.
  4645 | Temple   | Found a transporter.
  4645 | Temple   | Found a transporter.
  4710 | D:5      | Entered Level 5 of the Dungeon
  4720 | D:5      | You pick up a book of Frost and begin reading...
  4720 | D:5      | You add the spells Freeze, Frozen Ramparts and Hailstorm to
                  | your library.
  4752 | D:5      | HP: 18/77 [poisoned by a scorpion]
  4757 | D:5      | HP: 13/77 [poisoned by a scorpion]
  5141 | D:5      | Identified the +7 rapier "Kemevowa" {freeze, Int+5 Dex+3}
  5220 | D:5      | Noticed Pikel
  5236 | D:5      | Killed Pikel
  5237 | D:5      | Reached skill level 6 in Maces & Flails
  5237 | D:5      | Reached skill level 4 in Throwing
  5237 | D:5      | Reached skill level 3 in Armour
  5237 | D:5      | Reached XP level 8. HP: 33/85 MP: 8/8
  5410 | D:5      | HP: 20/85 [gnoll/+0 flail (11)]
  5612 | D:5      | Noticed Sigmund
  5620 | D:5      | Killed Sigmund
  5621 | D:5      | Reached skill level 7 in Maces & Flails
  5754 | D:5      | Reached skill level 5 in Throwing
  6075 | D:6      | Reached skill level 4 in Armour
  6407 | D:6      | Reached XP level 9. HP: 64/92 MP: 9/9
  6429 | D:6      | Noticed Maggie
  6442 | D:6      | Killed Maggie
  6443 | D:6      | Reached skill level 8 in Maces & Flails
  6877 | D:6      | Noticed Eustachio
  6906 | D:6      | Killed Eustachio
  6907 | D:6      | Reached skill level 6 in Throwing
  7122 | D:6      | HP: 20/92 [something (8)]
  7319 | D:6      | HP: 21/92 [something (5)]
  7830 | D:7      | Reached skill level 5 in Armour
  7932 | D:7      | Noticed Joseph
  7944 | D:7      | HP: 17/84 [Joseph/sling bullet (18)]
  7946 | D:7      | Killed Joseph
  7947 | D:7      | Reached skill level 9 in Maces & Flails
  8349 | D:7      | Found Ekaeligu's Specific Store.
  8351 | D:7      | Found Luoc's General Store.
  8363 | D:7      | Bought a potion of heal wounds for 80 gold pieces
  8363 | D:7      | Bought a scroll of teleportation for 48 gold pieces
  8367 | D:7      | Bought a scroll of identify for 20 gold pieces
  8548 | D:7      | Reached XP level 10. HP: 91/101 MP: 10/10
  8789 | D:8      | Paralysed by a hornet for 3 turns
  8795 | D:8      | Reached skill level 7 in Throwing
  8822 | D:8      | HP: 19/101 [orc priest/divine providence (16)]
  9945 | D:8      | Reached skill level 10 in Maces & Flails
 10373 | D:9      | You pick up a book of Storms and begin reading...
 10373 | D:9      | You add the spells Static Discharge, Airstrike and Summon
                  | Lightning Spire to your library.
 10487 | D:9      | Reached skill level 6 in Armour
 10491 | D:9      | HP: 19/101 [wyvern (9)]
 11292 | D:10     | Entered Level 10 of the Dungeon
 11440 | D:10     | Reached skill level 8 in Throwing
 11446 | D:10     | Noticed a gargoyle
 11480 | D:10     | HP: 25/101 [gargoyle/stone arrow (15)]
 11482 | D:10     | Killed a gargoyle
 11497 | D:10     | Found a flagged portal.
 11508 | Bailey   | Entered a bailey
 11944 | Bailey   | Reached XP level 11. HP: 69/110 MP: 11/11
 11948 | Bailey   | Reached skill level 11 in Maces & Flails
 12338 | Bailey   | Noticed an orc sorcerer
 12415 | Bailey   | Paralysed by an orc sorcerer for 4 turns
 12418 | Bailey   | HP: 22/107 [orc sorcerer/bolt of negative energy (11)]
 12423 | Bailey   | Killed an orc sorcerer
 12748 | Bailey   | an orc warrior comes into view. It is wielding a +0
                  | bardiche and wearing the +3 robe of Clouds {*Thunder rCloud
                  | rElec}.
 12749 | Bailey   | Aim: an orc warrior, wielding a +0 bardiche and wearing the
                  | +3 robe of Clouds {*Thunder rCloud rElec} (wandering,
                  | hasn't noticed you, 56% to hit)
 12749 | Bailey   | Aim: an orc warrior, wielding a +0 bardiche and wearing the
                  | +3 robe of Clouds {*Thunder rCloud rElec} (wandering,
                  | hasn't noticed you, 56% to hit)
 12758 | Bailey   | Aim: an orc warrior, wielding a +0 bardiche and wearing the
                  | +3 robe of Clouds {*Thunder rCloud rElec} (moderately
                  | wounded, 53% to hit)
 12758 | Bailey   | Aim: an orc warrior, wielding a +0 bardiche and wearing the
                  | +3 robe of Clouds {*Thunder rCloud rElec} (moderately
                  | wounded, 53% to hit)
 12759 | Bailey   | Aim: an orc warrior, wielding a +0 bardiche and wearing the
                  | +3 robe of Clouds {*Thunder rCloud rElec} (severely
                  | wounded, very poisoned, slow, 53% to hit)
 12759 | Bailey   | Aim: an orc warrior, wielding a +0 bardiche and wearing the
                  | +3 robe of Clouds {*Thunder rCloud rElec} (severely
                  | wounded, very poisoned, slow, 53% to hit)
 12827 | Bailey   | Found an iron altar of Okawaru.
 12932 | Bailey   | Identified the +1 hand axe "Afahej Moxu" {speed, rElec
                  | Int+8 Dex-5 Stlth-}
 12989 | Bailey   | Reached skill level 7 in Armour
 13149 | Bailey   | Became a worshipper of Warmaster Okawaru
 13225 | D:10     | Found an iron altar of Okawaru.
 13466 | D:10     | Found a bloodstained altar of Trog.
 13576 | D:10     | Found a staircase to the Orcish Mines.
 13586 | D:10     | Reached * piety under Okawaru
 13790 | D:10     | Paralysed by a hornet for 3 turns
 13973 | D:10     | Found a stormy altar of Qazlal.
 14152 | D:10     | Reached skill level 9 in Throwing
 14438 | D:10     | Reached skill level 9 in Fighting
 14438 | D:10     | Reached skill level 13 in Maces & Flails
 14438 | D:10     | Reached XP level 12. HP: 135/135 MP: 12/12
 14445 | D:11     | Found a staircase to the Lair.
 14487 | D:11     | Noticed Erica
 14500 | D:11     | Killed Erica
 14768 | D:11     | Reached ** piety under Okawaru
 15198 | D:11     | Noticed a two-headed ogre
 15200 | D:11     | Noticed a centaur warrior
 15201 | D:11     | Noticed a centaur warrior
 15201 | D:11     | Killed a two-headed ogre
 15216 | D:11     | Killed a centaur warrior
 15216 | D:11     | Reached *** piety under Okawaru
 15217 | D:11     | Killed a centaur warrior
 15237 | D:11     | HP: 33/135 [troll (9)]
 15238 | D:11     | HP: 12/135 [troll (5)]
 15259 | D:11     | HP: 11/135 [orc wizard/magic dart (7)]
 15263 | D:11     | Killed from afar by an acid dragon

Vanquished Creatures
  Erica (D:11)
  2 centaur warriors (D:11)
  A two-headed ogre (D:11)
  Pikel (D:5)
  An ugly thing (D:11)
  A cyclops (D:11)
  An orc sorcerer (Bailey)
  Joseph (D:7)
  Maggie (D:6)
  A gargoyle (D:10)
  3 kobold demonologists
  2 polar bears (D:10)
  A troll (D:9)
  3 hornets
  Sigmund (D:5)
  3 shadows
  5 yaks (D:10)
  2 wyverns
  Eustachio (D:6)
  A steam dragon (D:10)
  A vampire mosquito (D:6)
  An acid dragon (D:10)
  3 water moccasins
  2 sky beasts (D:6)
  12 orc warriors
  2 ice beasts
  3 black bears
  2 centaurs
  4 kobold brigands
  3 phantoms
  2 bullfrogs
  2 scorpions
  A gnoll sergeant (D:11)
  6 wights
  5 killer bees (D:11)
  A troll zombie (D:10)
  6 electric eels
  5 howler monkeys
  9 crimson imps (D:9)
  2 hounds
  3 orc priests
  3 jellies
  An iguana (D:6)
  9 orc wizards
  A sleepcap (D:5)
  5 ogre zombies (D:10)
  4 adders
  4 gnolls
  A shadow imp (D:7)
  A white imp (D:8)
  An ufetubus (D:4)
  3 worms
  2 dart slugs
  28 orcs
  3 ball pythons
  5 endoplasms
  6 giant cockroaches
  11 goblins
  10 hobgoblins
  6 jackals
  6 quokkas
  2 bats
  3 frilled lizards
  2 goblin zombies (D:10)
  3 hobgoblin zombies (D:10)
  19 kobolds
  3 orc skeletons (D:10)
  11 orc zombies (D:10)
  5 rats
266 creatures vanquished.

Vanquished Creatures (others)
  A gnoll (Bailey)
1 creature vanquished.

Grand Total: 267 creatures vanquished

Table legend:
 A = Non-vault XP
 B = Vault XP
 C = Vault XP percentage of total XP
 D = Non-vault monster count
 E = Vault monster count
 F = Vault count percentage of total count
                 A         B        C        D         E       F
            +---------+---------+-------+---------+---------+-------
      Total |   10154 |   10031 |  49.7 |     174 |      93 |  34.8
            +---------+---------+-------+---------+---------+-------
        D:1 |      25 |       8 |  24.2 |      13 |       5 |  27.8
        D:2 |      78 |       0 |   0.0 |      20 |       0 |   0.0
        D:3 |      31 |       0 |   0.0 |      16 |       0 |   0.0
        D:4 |     475 |       3 |   0.6 |      17 |       2 |  10.5
        D:5 |     440 |     846 |  65.8 |       9 |       2 |  18.2
        D:6 |     965 |     789 |  45.0 |      21 |       4 |  16.0
        D:7 |     574 |     455 |  44.2 |       9 |       1 |  10.0
        D:8 |    1604 |       0 |   0.0 |      20 |       0 |   0.0
        D:9 |     682 |     438 |  39.1 |       5 |       9 |  64.3
       D:10 |    2663 |    1426 |  34.9 |      27 |      31 |  53.4
       D:11 |    2617 |    3405 |  56.5 |      17 |       5 |  22.7
     Bailey |       0 |    2661 | 100.0 |       0 |      34 | 100.0
            +---------+---------+-------+---------+---------+-------

Skill      XL: |  1  2  3  4  5  6  7  8  9 10 11 |
---------------+----------------------------------+-----
Fighting       | 3 4 9 |  9.0
Maces & Flails | 3 4 5 6 7 9 10 13 | 13.7
Dodging        | 3 |  3.2
Armour         | 1 2 3 4 5 6 7 |  7.8
Throwing       | 3 4 5 6 8 9 |  9.6

Action                     |  1- 3 |  4- 6 |  7- 9 | 10-12 || total
---------------------------+-------+-------+-------+-------++-------
  Melee: Flail             |   140 |   152 |   195 |   603 ||  1090
         Punch             |       |     3 |     2 |     5 ||    10
  Throw: Throwing net      |       |     4 |     1 |     2 ||     7
         Large rock        |       |     1 |     3 |     7 ||    11
         Dart              |       |     5 |    40 |    51 ||    96
         Boomerang         |       |     1 |    57 |    30 ||    88
  Evoke: Wand              |       |     8 |     3 |     6 ||    17
    Use: Scroll            |       |     7 |     7 |     8 ||    22
         Potion            |       |     5 |     4 |     5 ||    14
   Stab: Sleeping          |     1 |       |       |       ||     1
         Held in net/web   |       |       |       |     2 ||     2
 Armour: Robe              |    42 |    85 |    24 |   105 ||   256
         Skin              |       |       |    14 |       ||    14
         Acid dragon scale |       |       |   116 |   167 ||   283
  Dodge: Dodged            |    94 |    89 |    85 |   264 ||   532

Illustrated notes

Table legend:
 A = Kills in this place as a percentage of kills in the entire game.
 B = Kills by you in this place as a percentage of kills by you in the entire game.
 C = Kills by friends in this place as a percentage of kills by friends in the entire game.
 D = Other kills in this place as a percentage of other kills in the entire game.
 E = Experience gained in this place as a percentage of experience gained in the entire game.
 F = Experience gained in this place divided by the number of levels of this place that you have seen.
                   A       B       C       D       E      F
               +-------+-------+-------+-------+-------+----------------------
         Total | 100.0 | 100.0 |   N/A | 100.0 | 100.0 | 1552.7
       Dungeon |  87.3 |  87.6 |   N/A |   0.0 |  86.8 | 1593.1
        Bailey |  12.7 |  12.4 |   N/A | 100.0 |  13.2 | 2661.0
               +-------+-------+-------+-------+-------+----------------------

Table legend: (Time is in decaauts)
 A = Elapsed time spent in this place.
 B = Non-inter-level travel time spent in this place.
 C = Inter-level travel time spent in this place.
 D = Time resting spent in this place.
 E = Time spent auto-exploring this place.
 F = Levels seen in this place.
 G = Mean time per level.
                   A        B        C        D        E       F      G
               +--------+--------+--------+--------+--------+-----+--------+
         Total |  15190 |  14921 |    269 |   1107 |  11060 |  13 | 1168.5 |
       Dungeon |  13548 |  13286 |    262 |    853 |  10055 |  11 | 1231.6 |
        Temple |     35 |     28 |      7 |      0 |      6 |   1 |   35.0 |
        Bailey |   1606 |   1606 |      0 |    254 |    999 |   1 | 1606.0 |
               +--------+--------+--------+--------+--------+-----+--------+

Top non-repeatable levels by time:
     D:6: 1873 daAuts
     D:8: 1723 daAuts
  Bailey: 1606 daAuts
    D:10: 1465 daAuts
     D:4: 1349 daAuts
     D:2: 1241 daAuts
     D:5: 1232 daAuts
     D:3: 1138 daAuts
     D:1: 1008 daAuts
     D:9: 934 daAuts
    D:11: 792 daAuts
     D:7: 789 daAuts
  Temple: 35 daAuts
